 Dungeon Crawl Stone Soup version 0.27-a0-341-g40fdf68bc5 (webtiles) character file.

Game seed: 14076576552813851721

1515 Astera the Chopper (level 8, -2/72 HPs)
             Began as a Palentonga Fighter on Feb 14, 2021.
             Was an Initiate of Qazlal.
             Slain by a hound (4 damage)
             ... on level 5 of the Dungeon.
             The game lasted 00:11:58 (6470 turns).

Astera the Chopper (Palentonga Fighter)             Turns: 6470, Time: 00:11:59

Health: -2/72      AC: 21    Str: 21    XL:     8   Next: 53%
Magic:  8/8        EV:  4    Int:  9    God:    Qazlal [......]
Gold:   273        SH:  9    Dex: 10    Spells: 7/7 levels left

rFire    . . .     SeeInvis +   a - +0 war axe
rCold    . . .     Faith    .   c - +0 kite shield
rNeg     . . .     Spirit   .   b - +0 scale mail
rPois    .         Reflect  .   (no helmet)
rElec    .         Harm     .   u - +0 cloak
rCorr    .         Rampage  .   o - +0 pair of gloves
Will     +....                  y - +0 barding
Stlth    ..........             (no amulet)
HPRegen  0.22/turn              l - ring of willpower
MPRegen  0.11/turn              (no ring)

@: mighty, curled up
A: large, rugged brown scales 3, see invisible, deformed body, roll 1, armoured
tail, reflexive curl
a: Rolling Charge, Renounce Religion


You were on level 5 of the Dungeon.
You worshipped Qazlal.
Qazlal was noncommittal.
You visited 2 branches of the dungeon, and saw 7 of its levels.

You collected 273 gold pieces.

Inventory:

Hand Weapons
 a - a +0 war axe (weapon)
Armour
 b - a +0 scale mail (worn)
 c - a +0 kite shield (worn)
 o - a +0 pair of gloves (worn)
 u - a +0 cloak (worn)
 y - a +0 barding (worn)
Jewellery
 l - a ring of willpower (left hand)
 t - a ring of protection from cold {unknown}
 z - a +4 ring of protection {unknown}
 A - an amulet of regeneration {unknown}
Scrolls
 e - 5 scrolls of teleportation
 f - 4 scrolls of identify
 g - a scroll of blinking {unknown}
 h - 2 scrolls of magic mapping {unknown}
 i - 2 scrolls of noise {unknown}
 j - a scroll of amnesia {unknown}
 n - a scroll of fog {unknown}
 p - a scroll of enchant weapon {unknown}
 r - a scroll of enchant armour {unknown}
 s - a scroll of fear {unknown}
Potions
 d - 2 potions of might
 k - 2 potions of lignification
 m - a potion of heal wounds {unknown}
 q - 2 potions of berserk rage {unknown}
 v - 2 potions of curing {unknown}
 w - 2 potions of attraction
 x - a potion of brilliance {unknown}
 B - 2 potions of flight {unknown}
 C - a potion of mutation {unknown}


   Skills:
 + Level 5.1 Fighting
 + Level 7.2 Axes
 + Level 4.3 Armour
 + Level 1.8 Dodging
 + Level 1.0 Stealth
 + Level 4.3 Shields


You had 7 spell levels left.
You didn't know any spells.
Your spell library contained the following spells:

 Spells                   Type           Power        Failure   Level
 Beastly Appendage        Tmut           0%           96%         1
 Wereblood                Tmut           0%           99%         2
 Spider Form              Tmut/Pois      0%           100%        3
 Ice Form                 Ice/Tmut       0%           100%        4
 Blade Hands              Tmut           0%           100%        5


Dungeon Overview and Level Annotations

Branches:
Dungeon (6/15)             Temple (1/1) D:5

Altars:
Ashenzari
Elyvilon
Gozag
Hepliaklqana
Nemelex Xobeh
Okawaru
Qazlal
Ru
Zin
The Shining One

Annotations:
D:6 Menkaure


Innate Abilities, Weirdness & Mutations

You are completely covered in rugged brown scales. (AC +3, +7% HP)
You have supernaturally acute eyesight. (SInv)
Armour fits poorly on your strangely shaped body.
You can roll at nearby foes to attack.
You have a long armoured tail.
You curl defensively after being hit.


Message History

You are too injured to fight recklessly!
You are too injured to fight recklessly!
You are too injured to fight recklessly!
You are too injured to fight recklessly!
Unknown command.
Menkaure gestures wildly while chanting.
Menkaure seems to speed up.
The hound bites you but does no damage. The hound bites you but does no damage.
Menkaure calls on the powers of darkness!
The hound convulses!
Your body is wracked with pain!
* * * LOW HITPOINT WARNING * * *
The hound bites you.
* * * LOW HITPOINT WARNING * * *
The hound bites you but does no damage.
There is a stone staircase leading up here.
The hound pauses to sniff the ground.
You block the hound's attack. The hound bites you.
* * * LOW HITPOINT WARNING * * *
You climb upwards.
There is a stone staircase leading down here.
You barely miss the hound.
The hound is severely wounded.
The hound bites you but does no damage.
Unknown command.
You closely miss the hound.
The hound is severely wounded.
The hound bites you.
* * * LOW HITPOINT WARNING * * *
You block the hound's attack.
You closely miss the hound.
The hound is severely wounded.
The hound bites you but does no damage. The hound bites you.
* * * LOW HITPOINT WARNING * * *
You barely miss the hound.
The hound is severely wounded.
You block the hound's attack. The hound bites you.
* * * LOW HITPOINT WARNING * * *
You feel very mighty all of a sudden. The hound bites you.
You die...

#.......+......#....'..†
#.......#..##.##(##.##..
######'######.##.##.##..
#.............(.....†.
#.....................
#.....................
##.......##...........
##.......##...........
#....@.........#######
#...h....##....##.....
#########.......########.....
#.......#........[...........
#.......##########...........
#................#.....<.....
#................#....##.....
#####................#....##.....
....####'###.........#....#######


You could see a hound.

Vanquished Creatures
  2 sky beasts (D:5)
  2 ogres
  A centaur (D:5)
  A bullfrog (D:6)
  2 scorpions
  5 orc priests
  A centaur zombie (D:3)
  2 jellies
  Crazy Yiuf (D:2)
  5 hounds
  A bullfrog skeleton (D:2)
  Jessica (D:1)
  Terence (D:3)
  3 orc wizards (D:4)
  2 worker ants (D:5)
  4 gnolls (D:3)
  9 adders
  A shadow imp (D:6)
  An ufetubus (D:5)
  2 oozes
  2 adder skeletons (D:5)
  7 worms
  6 dart slugs
  2 leopard geckos (D:4)
  22 orcs
  7 giant cockroaches
  8 goblins
  7 hobgoblins
  8 jackals
  12 kobolds
  2 quokkas
  5 bats
  2 frilled lizards (D:2)
  7 rats
144 creatures vanquished.

Notes
Turn   | Place    | Note
-------+----------+-------------------------------------------
     0 | D:1      | Astera the Palentonga Fighter began the quest for the Orb.
     0 | D:1      | Reached XP level 1. HP: 20/20 MP: 1/1
   225 | D:1      | Reached XP level 2. HP: 7/27 MP: 2/2
  1105 | D:2      | Reached XP level 3. HP: 33/33 MP: 3/3
  1189 | D:2      | Reached skill level 3 in Axes
  1189 | D:2      | Reached XP level 4. HP: 38/40 MP: 4/4
  1796 | D:2      | Noticed Jessica
  1854 | D:1      | Killed Jessica
  1855 | D:1      | Reached skill level 4 in Axes
  1855 | D:1      | Reached XP level 5. HP: 29/48 MP: 5/5
  2180 | D:2      | Found a runed translucent door.
  2181 | D:2      | Noticed Crazy Yiuf
  2221 | D:2      | Killed Crazy Yiuf
  2344 | D:3      | Noticed Terence
  2362 | D:3      | Killed Terence
  2803 | D:3      | Reached XP level 6. HP: 27/55 MP: 6/6
  3258 | D:3      | Reached skill level 5 in Axes
  3525 | D:3      | Found an opulent altar of Gozag.
  3915 | D:4      | Found a glowing silver altar of Zin.
  4221 | D:4      | Found a broken altar of Ashenzari.
  4276 | D:4      | Gained mutation: You curl defensively after being hit.
                  | [Palentonga growth]
  4276 | D:4      | Reached XP level 7. HP: 51/63 MP: 7/7
  4952 | D:5      | Entered Level 5 of the Dungeon
  5102 | D:5      | Reached skill level 1 in Dodging
  5307 | D:5      | Found a staircase to the Ecumenical Temple.
  5314 | D:5      | Reached skill level 6 in Axes
  5330 | Temple   | Entered the Ecumenical Temple
  5336 | Temple   | Became a worshipper of Qazlal Stormbringer
  5574 | D:5      | Reached XP level 8. HP: 71/71 MP: 8/8
  5605 | D:5      | Reached skill level 5 in Fighting
  5770 | D:5      | Found a white marble altar of Elyvilon.
  5865 | D:5      | Reached skill level 1 in Stealth
  5996 | D:6      | Reached skill level 7 in Axes
  6454 | D:6      | Noticed Menkaure
  6469 | D:5      | HP: 2/72 [hound (2)]
  6470 | D:5      | Slain by a hound

Illustrated notes

Levels and vault maps discovered:
D:1:      minmay_arrival_four_houses, layout_loops_cross,
          chequers_serial_rivers_micro_c
D:2:      layout_loops_cross, st_stairs_9, minmay_misc_feat_nine_boxes,
          uniq_jessica, uniq_crazy_yiuf_cottage
D:3:      minmay_diamond_boxcup, layout_basic,
          nicolae_gozag_cash_rules_everything_around_me, uniq_terence
D:4:      layout_basic, ashenzari_altar_1, lemuel_round_altar,
          minmay_misc_feat_x
D:5:      layout_gridville, general_overflow_altar, temple_pool_b, minivault_19
D:6:      layout_basic, overflow_temple_1_default, overflow_temple_1_default,
          serial_shops, kennysheep_mini_moat, roderic_batcave, uniq_duvessa,
          uniq_edmund, uniq_menkaure
Temple:   eino_temple_rhombus

Skill      XL: |  1  2  3  4  5  6  7  8 |
---------------+-------------------------+-----
Axes           | 3 4 5 6 7 |  7.2
Armour         | 3 4 |  4.3
Fighting       | 4 5 |  5.1
Shields        | 3 4 |  4.3
Dodging        | 1 |  1.8
Stealth        | 1 |  1.0

Action                   |  1- 3 |  4- 6 |  7- 9 || total
-------------------------+-------+-------+-------++-------
Melee: War axe           |    57 |   200 |   153 ||   410
       Tailslap          |     5 |    25 |    15 ||    45
 Abil: Rolling Charge    |       |       |     5 ||     5
  Use: Scroll            |       |       |     3 ||     3
       Potion            |       |       |     1 ||     1
Armor: Scale mail        |    25 |    91 |   102 ||   218
Dodge: Dodged            |    17 |    26 |    22 ||    65
Block: Kite shield       |    25 |    91 |    77 ||   193

Table legend: (Time is in decaauts)
 A = Elapsed time spent in this place.
 B = Non-inter-level travel time spent in this place.
 C = Inter-level travel time spent in this place.
 D = Time resting spent in this place.
 E = Time spent auto-exploring this place.
 F = Levels seen in this place.
 G = Mean time per level.
                   A        B        C        D        E       F      G
               +--------+--------+--------+--------+--------+-----+--------+
         Total |   6655 |   6479 |    176 |   1041 |   4365 |   7 |  950.7 |
       Dungeon |   6458 |   6282 |    176 |    856 |   4365 |   6 | 1076.3 |
        Temple |    197 |    197 |      0 |    185 |      0 |   1 |  197.0 |
               +--------+--------+--------+--------+--------+-----+--------+

Top non-repeatable levels by time:
     D:3: 1589 daAuts
     D:1: 1253 daAuts
     D:4: 1180 daAuts
     D:2: 1098 daAuts
     D:5: 1094 daAuts
     D:6: 242 daAuts
  Temple: 197 daAuts
